 Dungeon Crawl Stone Soup version 0.21.1-1-g345015fe64 (webtiles) character file.

17389 Oakleaf the Fighter (level 12, -1/84 HPs)
             Began as a Gargoyle Fighter on July 6, 2018.
             Was a High Priest of Okawaru.
             Killed from afar by a raiju (4 damage)
             ... with a living lightning
             ... on level 1 of the Abyss on July 7, 2018.
             The game lasted 01:34:06 (16652 turns).

Oakleaf the Fighter (Gargoyle Fighter)             Turns: 16652, Time: 01:34:07

Health: -1/84      AC: 26    Str: 21 (22) XL:     12   Next: 47%
Magic:  15/15      EV:  8    Int:  6      God:    Okawaru [*****.]
Gold:   448        SH: 10    Dex:  7      Spells: 11/11 levels left

rFire    + . .     SeeInvis .   F - +3 whip (freeze)
rCold    . . .     Gourm    .   c - +0 shield
rNeg     + . .     Faith    .   w - +0 plate armour
rPois    ∞         Spirit   .   J - +0 helmet
rElec    +         Reflect  .   (no cloak)
rCorr    .         Harm     .   x - +0 pair of gloves
MR       .....                  O - +0 pair of boots
Stlth    ..........             (no amulet)
HPRegen  0.00/turn              I - ring of protection from fire
MPRegen  0.14/turn              z - +3 ring of evasion

@: no status effects
A: [blurry vision 3], [clumsy 2], [deterioration 2], [dopey 2], negative energy
resistance 1, electricity resistance, [inhibited regeneration], unbreathing,
petrification resistance, rot immunity, [subdued magic 2], [MP-powered wands],
AC +8
a: Heroism, Finesse, Renounce Religion


You were on level 1 of the Abyss.
You worshipped Okawaru.
Okawaru was extremely pleased with you.
You were not hungry.

You visited 3 branches of the dungeon, and saw 17 of its levels.
You visited the Abyss 1 time.

You collected 742 gold pieces.
You spent 294 gold pieces at shops.

Inventory:

Hand Weapons
 a - a +1 flail
 d - a +0 battleaxe
 p - a +4 scimitar of flaming
 F - a +3 whip of freezing (weapon)
 N - a +1 quarterstaff of protection
Armour
 b - a +0 scale mail
 c - a +0 shield (worn)
 m - a +0 shield
 w - a +0 plate armour (worn)
 x - a +0 pair of gloves (worn)
 A - a +1 pair of gloves
 J - a +0 helmet (worn)
 O - a +0 pair of boots (worn)
Jewellery
 g - an uncursed ring of positive energy
 z - a +3 ring of evasion (right hand)
 B - an uncursed ring of protection from magic
 C - an uncursed ring of protection from magic
 G - an uncursed ring of ice
 I - a ring of protection from fire (left hand)
Wands
 k - a wand of iceblast (3)
 D - a wand of random effects (12)
 E - a wand of paralysis (3)
 L - a wand of flame (23)
Scrolls
 e - 3 scrolls of enchant weapon
 i - 6 scrolls of remove curse
 n - 3 scrolls of fear {unknown}
 o - 7 scrolls of identify
 r - 4 scrolls of amnesia {unknown}
 u - 4 scrolls of random uselessness
 v - 9 scrolls of teleportation
 y - 3 scrolls of enchant armour {unknown}
 H - a scroll of magic mapping {unknown}
 K - a scroll of immolation {unknown}
Potions
 h - 5 potions of curing
 j - a potion of berserk rage {unknown}
 l - a potion of degeneration {unknown}
 s - a potion of resistance {unknown}
 t - 4 potions of brilliance
Books
 M - a book of Minor Magic

   Spells                             Type                      Level
   a - Magic Dart                     Conjuration                  1
   b - Blink                          Translocation                2
   c - Call Imp                       Summoning                    2
   d - Slow                           Hexes                        2
   e - Conjure Flame                  Conjuration/Fire             3
   f - Mephitic Cloud                 Conjuration/Poison/Air       3
Comestibles
 f - 8 rations


   Skills:
 * Level 13.7 Fighting
 - Level 12.1 Maces & Flails
 + Level 7.2 Armour
 - Level 1.0 Stealth
 + Level 8.0 Shields
 + Level 4.6 Invocations


You had 11 spell levels left.
You didn't know any spells.

Dungeon Overview and Level Annotations

Branches:
Dungeon (14/15)            Temple (1/1) D:7             Orc (2/2) D:11
   Lair: D:8-11         Elf: Orc:2       Vaults: D:13-14

Altars:
Ashenzari
Cheibriados
Dithmenos
Elyvilon
Fedhas
Gozag
Hepliaklqana
Kikubaaqudgha
Nemelex Xobeh
Okawaru
Qazlal
Ru
Sif Muna
Trog
Uskayaw
Vehumet
Wu Jian
Yredelemnul
Zin
The Shining One

Shops:
D:4 ?%?}   D:7 =   D:11 ((   D:13 %}

Annotations:
D:8 Maurice
D:10 aaaaaaaaaaaaaaaaaa's ghost, journeyman TrCK
D:11 Harold; Josephine
D:14 Sonja


Innate Abilities, Weirdness & Mutations

You are resistant to torment.
Your stone body is resilient. (AC +8)
You are immune to poison.
You resist negative energy. (rN+)
You are resistant to electric shocks. (rElec)
You can survive without breathing.
You are immune to petrification.
You are immune to rotting.
[Scrolls take you much longer to read.]
[You are very clumsy. (Dex -4)]
[Your body often deteriorates upon taking damage.]
[You are very dopey. (Int -4)]
[You do not regenerate when monsters are visible.]
[Your spells are easier to cast, but less powerful.]
[You expend magic power (3 MP) to strengthen your wands.]


Message History

Your regeneration stops near monsters.
A raiju comes into view.
The raiju bursts into living lightning!
The living lightning hits the raiju.
The raiju completely resists.
The living lightning hits you! You resist.
* * * LOW HITPOINT WARNING * * *
The living lightning misses you.
The raiju blinks! x3
The raiju bursts into living lightning!
The living lightning hits the raiju.
The raiju completely resists.
The living lightning hits the raiju.
The raiju completely resists.
The living lightning misses the raiju.
The living lightning hits you! You resist.
* * * LOW HITPOINT WARNING * * *
The raiju blinks! x4
The raiju bursts into living lightning!
The living lightning hits the raiju.
The raiju completely resists.
The living lightning hits you! You resist.
* * * LOW HITPOINT WARNING * * *
The living lightning hits you! You resist.
You die...

## .# ## . ... #.
##...#. #... ..#...#
##.###### # ...#..##
#≈#
#..@#...#.#.#....#.#
..§§R##h##.#.......#...
##§ #.h.Z...#.... ...#.
#≈≈h#.........#.#. #
#.≈§#........*.....#
##h#####.###.#.#..# # .
..§ ###...# ...# ..#
..# ... .##.#%.# #.
....#..#.###.....


You could see an efreet, 4 raiju and a titan skeleton.

Vanquished Creatures
  2 centaur warriors (D:13)
  A hydra (D:13)
  2 two-headed ogres
  A death yak (D:11)
  An unseen horror (D:10)
  Pikel (D:7)
  3 ugly things
  An apocalypse crab (Abyss:1)
  A gargoyle (D:13)
  A smoke demon (Abyss:1)
  An efreet (D:14)
  4 trolls
  A hornet (D:9)
  3 hippogriffs
  2 dream sheep (D:12)
  A wyvern (D:10)
  5 yaks
  A human (D:13)
  A basilisk (D:13)
  A neqoxec (Abyss:1)
  3 wraiths (D:11)
  2 hungry ghosts
  A warg (D:11)
  A large abomination (Abyss:1)
  A soldier ant (D:12)
  5 orc warriors
  An ice beast (D:14)
  5 ogres
  3 sky beasts
  2 phantoms
  12 centaurs
  5 big kobolds
  6 bullfrogs
  A wyvern zombie (D:10)
  A scorpion (D:6)
  6 killer bees (D:9)
  4 wights (D:13)
  4 howler monkeys
  2 electric eels (D:6)
  A quasit (Abyss:1)
  2 crimson imps
  2 centaur zombies
  7 hounds
  3 centaur skeletons
  2 bullfrog skeletons
  4 jellies
  7 orc priests
  An iguana (D:14)
  5 worker ants
  2 orc wizards
  A small abomination (Abyss:1)
  2 hound skeletons
  A howler monkey zombie (D:7)
  2 worker ant zombies
  4 adders
  6 shadow imps
  3 worms
  A dart slug (D:1)
  6 leopard geckos
  41 orcs
  2 ball pythons
  5 giant cockroaches
  3 hobgoblins
  4 jackals (D:1)
  8 quokkas
  6 bats
  6 frilled lizards
  3 goblins
  18 kobolds
  A quokka zombie (D:7)
  6 rats
264 creatures vanquished.

Vanquished Creatures (others)
  A plant (D:12)
1 creature vanquished.

Grand Total: 265 creatures vanquished

Notes
Turn   | Place    | Note
-------+----------+-------------------------------------------
     0 | D:1      | Oakleaf the Gargoyle Fighter began the quest for the Orb.
     0 | D:1      | Reached XP level 1. HP: 14/14 MP: 1/1
   224 | D:1      | Reached XP level 2. HP: 19/19 MP: 2/2
   610 | D:1      | Reached XP level 3. HP: 23/23 MP: 3/3
  1345 | D:2      | Reached skill level 4 in Fighting
  1760 | D:3      | Reached XP level 4. HP: 29/29 MP: 4/4
  2326 | D:3      | Found a deep blue altar of Sif Muna.
  2798 | D:3      | Reached skill level 1 in Stealth
  3087 | D:3      | Reached skill level 5 in Fighting
  3087 | D:3      | Reached XP level 5. HP: 35/35 MP: 5/5
  3175 | D:4      | Found Odenid's Magic Scroll Boutique.
  3185 | D:4      | Bought a scroll of teleportation for 39 gold pieces
  3208 | D:4      | Found Gipuadd's Food Emporium.
  3221 | D:4      | Bought a ration for 60 gold pieces
  3467 | D:4      | Found Kyno's Magic Scroll Shop.
  3558 | D:4      | Found Gutefea's Gadget Boutique.
  3635 | D:5      | Entered Level 5 of the Dungeon
  3643 | D:5      | Reached skill level 6 in Fighting
  3689 | D:5      | Noticed an orc warrior
  3719 | D:4      | Killed an orc warrior
  3719 | D:4      | Reached XP level 6. HP: 8/42 MP: 6/6
  4010 | D:4      | Reached skill level 7 in Fighting
  4388 | D:5      | Reached XP level 7. HP: 48/48 MP: 7/7
  4494 | D:5      | Reached skill level 8 in Fighting
  5107 | D:5      | Noticed a hippogriff
  5143 | D:4      | Killed a hippogriff
  5143 | D:4      | Reached XP level 8. HP: 36/54 MP: 8/8
  5668 | D:6      | Reached skill level 5 in Maces & Flails
  5668 | D:6      | Reached skill level 5 in Shields
  6586 | D:6      | Found a white marble altar of Elyvilon.
  6850 | D:7      | Noticed a hippogriff
  6878 | D:6      | Killed a hippogriff
  6878 | D:6      | Reached skill level 5 in Armour
  7170 | D:7      | Reached XP level 9. HP: 44/60 MP: 9/9
  7691 | D:7      | Found Junyst's Jewellery Boutique.
  7781 | D:7      | Found a staircase to the Ecumenical Temple.
  7788 | Temple   | Entered the Ecumenical Temple
  7916 | Temple   | Became a worshipper of Warmaster Okawaru
  8095 | D:8      | Noticed Maurice
  8312 | D:8      | Found an opulent altar of Gozag.
  8312 | D:8      | Noticed Pikel
  8322 | D:7      | Paralysed by Pikel for 5 turns
  8330 | D:7      | Paralysed by Pikel for 2 turns
  8351 | D:7      | Paralysed by Pikel for 6 turns
  8360 | D:7      | Paralysed by Pikel for 7 turns
  8372 | D:7      | Killed Pikel
  8372 | D:7      | Reached * piety under Okawaru
  8465 | D:8      | Noticed a two-headed ogre
  8466 | D:8      | Noticed a two-headed ogre
  8489 | D:9      | Killed a two-headed ogre
  8489 | D:9      | Reached ** piety under Okawaru
  8489 | D:9      | Reached skill level 9 in Fighting
  8489 | D:9      | Reached XP level 10. HP: 20/66 MP: 8/11
  9045 | D:9      | Found a blossoming altar of Fedhas.
  9170 | D:9      | Found a radiant altar of Vehumet.
  9176 | D:9      | Found a glowing golden altar of the Shining One.
  9212 | D:9      | You fall through a shaft for 3 floors!
  9640 | D:11     | Found Iclyp's Weapon Boutique.
 10035 | D:11     | Noticed a death yak
 10035 | D:11     | Noticed a death yak
 10050 | D:10     | Entered Level 10 of the Dungeon
 10245 | D:10     | Killed an unseen horror
 10245 | D:10     | Reached *** piety under Okawaru
 10245 | D:10     | Reached skill level 10 in Fighting
 10441 | D:10     | Noticed aaaaaaaaaaaaaaaaaa's ghost (journeyman TrCK)
 10441 | D:10     | Reached skill level 10 in Maces & Flails
 10535 | D:9      | Found an ornate altar of the Wu Jian Council.
 10758 | D:11     | Found Oxtet's Weapon Boutique.
 10798 | D:11     | Noticed a cyan ugly thing
 10824 | D:12     | Noticed a purple ugly thing
 10849 | D:12     | Killed a green ugly thing
 11048 | D:12     | Killed a cyan ugly thing
 11048 | D:12     | Reached **** piety under Okawaru
 11048 | D:12     | Reached XP level 11. HP: 46/73 MP: 14/14
 11195 | D:11     | Found a staircase to the Orcish Mines.
 11255 | D:11     | Reached skill level 11 in Fighting
 11333 | D:11     | Noticed a two-headed ogre
 11344 | D:11     | Killed a two-headed ogre
 11806 | D:11     | Noticed Harold
 11807 | D:11     | Noticed Josephine
 12283 | D:12     | Noticed a three-headed hydra
 12445 | Orc:1    | Entered Level 1 of the Orcish Mines
 12727 | D:11     | Reached ***** piety under Okawaru
 12966 | Orc:2    | Entered Level 2 of the Orcish Mines
 12972 | Orc:2    | Noticed an ettin
 13007 | Orc:1    | Reached skill level 12 in Fighting
 13313 | D:11     | Noticed a death yak
 13368 | D:11     | Killed a death yak
 13653 | D:13     | Noticed a vault guard
 13817 | D:13     | Noticed a centaur warrior
 13833 | D:13     | HP: 2/76 [centaur warrior/arrow (3)]
 14335 | D:13     | Found Iriedir's Gadget Shop.
 14454 | D:13     | Killed a centaur warrior
 14571 | D:13     | Noticed a vault guard
 14614 | D:13     | Reached XP level 12. HP: 78/82 MP: 12/15
 14622 | D:13     | Received a gift from Okawaru
 14622 | D:13     | Reached skill level 13 in Fighting
 15008 | D:13     | Found Gidirau's Food Shoppe.
 15019 | D:13     | Bought a ration for 65 gold pieces
 15019 | D:13     | Bought a ration for 65 gold pieces
 15019 | D:13     | Bought a ration for 65 gold pieces
 15168 | D:14     | Noticed Sonja
 15210 | D:14     | Noticed a centaur warrior
 15210 | D:14     | Noticed a four-headed hydra
 15963 | D:13     | Killed a centaur warrior
 16032 | D:13     | Killed a four-headed hydra
 16304 | D:14     | Cast into level 1 of the Abyss (Sonja)
 16361 | Abyss:1  | Noticed a tentacled starspawn
 16532 | Abyss:1  | Paralysed by an apocalypse crab for 7 turns
 16636 | Abyss:1  | Noticed a wretched star
 16637 | Abyss:1  | Noticed a thrashing horror
 16652 | Abyss:1  | HP: 3/84 [raiju/living lightning (4)]
 16652 | Abyss:1  | Killed from afar by a raiju

Skill      XL: |  1  2  3  4  5  6  7  8  9 10 11 12 |
---------------+-------------------------------------+-----
Shields        | 4 5 6 8 |  8.0
Fighting       | 4 5 6 7 8 9 10 12 13 | 13.7
Stealth        | 1 |  1.0
Maces & Flails | 4 6 8 10 12 | 12.1
Armour         | 4 5 6 7 |  7.2
Invocations    | 2 4 |  4.6

Action                   |  1- 3 |  4- 6 |  7- 9 | 10-12 || total
-------------------------+-------+-------+-------+-------++-------
Melee: Flail             |   190 |   172 |   419 |       ||   781
       Whip              |       |       |    18 |  1106 ||  1124
Invok: Heroism           |       |       |     1 |    21 ||    22
       Finesse           |       |       |       |     2 ||     2
  Use: Potion            |       |     2 |     2 |     7 ||    11
       Scroll            |       |     3 |     3 |    13 ||    19
  Eat: Ration            |     1 |     1 |     4 |     9 ||    15
       Chunk             |       |     5 |     3 |     6 ||    14
Armor: Scale mail        |   122 |    59 |       |       ||   181
       Plate armour      |       |    13 |   292 |   498 ||   803
       Skin              |       |       |    33 |     8 ||    41
Dodge: Dodged            |    74 |    46 |    86 |   230 ||   436
Block: Shield            |   118 |   102 |   200 |   470 ||   890
